Map: Kairos Junction LE

Players

Mez

  • Race: Terran Terran
  • League: Master
  • Spawn Location: 5:00

Atais - Winner!

  • Race: Protoss Protoss
  • League: Master
  • Spawn Location: 11:00

VOD

Have the link to the VOD?

Description

Time

  • Played on: July 30, 2019, 12:59 a.m.
  • Length: 14:46
Show
View Real Time Build Order
Export as new Build Order

Mez Terran 

Build Orders: Reaper Expand 

Get SALT Encoding   

  12  0:02  SCV  
  13  0:14  SCV  
  13  0:18  Supply Depot  
  14  0:27  SCV  
  15  0:39  SCV  
  15  0:41  Barracks  
  16  0:45  Refinery  
  16  0:51  SCV  
  17  1:03  SCV  
  18  1:16  SCV  
  19  1:29  Reaper  
  19  1:30  Orbital Command  
  20  1:48  Command Center  
  20  1:57  SCV  
  21  2:02  Barracks  
  21  2:07  Barracks Reactor  
  21  2:15  Supply Depot  
  21  2:17  SCV  
  22  2:24  Barracks  
  22  2:43  SCV  
  23  2:45  Marine x2  
  25  2:51  Barracks Tech Lab  
  25  2:55  SCV  
  26  3:00  Orbital Command  
  26  3:06  Marine x2  
  26  3:08  SCV  
  26  3:10  Concussive Shells, Marauder  
  26  3:12  Marine  
  31  3:26  Marine x2  
  33  3:29  SCV x2  
  33  3:30  Marine  
  33  3:33  Marauder  
  38  3:41  SCV  
  38  3:42  SCV  
  38  3:44  Supply Depot  
  40  3:49  Marine x3  
  40  3:53  SCV  
  44  4:01  SCV  
  44  4:02  Marine  
  45  4:03  Stimpack  
  45  4:06  SCV  
  46  4:14  SCV  
  47  4:18  SCV  
  47  4:21  Refinery  
  47  4:22  Factory  
  48  4:24  Supply Depot  
  48  4:26  Engineering Bay  
  48  4:28  Refinery  
  48  4:35  Marine x4  
  48  4:36  SCV  
  48  4:38  SCV  
  49  4:53  Marine  
  49  5:02  SCV x2, Marine x2  
  49  5:10  Marine x2  
  49  5:13  Factory Reactor  
  47  5:15  Starport  
  47  5:16  Supply Depot  
  47  5:20  Bunker, Marine  
  47  5:23  SCV  
  47  5:25  Command Center  
  47  5:26  Marine  
  49  5:29  Marauder  
  49  5:34  SCV  
  49  5:35  SCV  
  53  5:40  Marine x2  
  55  5:43  Supply Depot  
  55  5:44  Terran Infantry Weapons Level 1  
  55  5:47  SCV  
  55  5:48  SCV  
  56  5:58  Marine x2, Marauder  
  56  6:02  SCV x2  
  62  6:04  Combat Shield  
  62  6:12  Medivac x2  
  62  6:14  SCV x2  
  66  6:29  Barracks Tech Lab  
  66  6:30  Marine x2, Marauder  
  70  6:41  Refinery  
  70  6:42  Barracks  
  70  6:44  Barracks  
  70  6:46  Medivac x2  
  74  6:47  Marine  
  74  6:51  Marine, Marauder x2  
  77  7:00  SCV  
  76  7:05  Marine  
  76  7:07  Orbital Command  
  77  7:09  Marine  
  77  7:13  Marauder x2  
  82  7:17  Medivac  
  82  7:18  Medivac  
  86  7:23  Marine  
  87  7:31  Orbital Command  
  87  7:32  Barracks Reactor  
  87  7:34  Marauder, Barracks Tech Lab  
  89  7:38  Missile Turret  
  89  7:42  Missile Turret  
  89  7:43  Marine x2, Marauder  
  93  7:47  SCV  
  93  7:55  Missile Turret  
  93  7:57  Supply Depot  
  93  7:59  SCV, Marauder, Medivac x2  
  93  8:00  SCV  
  93  8:01  Marine  
  93  8:04  Marauder  
  93  8:05  Marine, Marauder  
  107  8:09  SCV  
  107  8:11  SCV  
  109  8:17  Supply Depot  
  109  8:19  SCV, Marine  
  111  8:20  Marine, Supply Depot  
  111  8:21  SCV  
  111  8:23  SCV  
  111  8:25  Missile Turret  
  114  8:27  Bunker  
  114  8:31  SCV, Medivac  
  117  8:39  Medivac  
  118  8:53  Marine x4, Marauder x3  
  128  8:58  Barracks  
  128  9:00  Barracks x2  
  105  9:11  Marine x4  
  105  9:14  Marine  
  105  9:15  Marauder x2  
  111  9:28  Medivac x2  
  111  9:31  SCV x3  
  106  9:36  Terran Infantry Armor Level 1  
  106  9:37  Engineering Bay, Armory  
  106  9:43  SCV x3  
  106  9:45  Marine x3  
  109  9:46  Marine x4  
  109  9:51  Ghost Academy  
  116  9:54  Barracks Tech Lab  
  116  9:55  Barracks Reactor, Barracks Tech Lab  
  116  9:58  Refinery  
  116  10:03  Marine x2  
  116  10:12  Marine  
  116  10:13  Marine x6  
  106  10:21  Marine x2  
  92  10:30  Marine x2  
  92  10:31  Marine x5  
  94  10:36  Marine x2  
  94  10:39  Marine x2  
  98  10:44  Medivac  
  98  10:46  Medivac  
  98  10:48  Marine x3  
  105  10:55  Marine x4  
  104  11:15  Marine x5  
  97  11:20  Marine  
  97  11:21  Marine x5  
  101  11:28  Medivac  
  78  11:44  Marine x8  
  74  11:59  Medivac x2  
  65  12:15  Marine x6  
  68  12:16  Marine x3  
  68  12:17  Marauder  
  76  12:39  Command Center  
  76  12:41  Marine x5  
  76  12:42  Marine  
  82  12:50  Marine, Medivac x2  
  87  12:55  Marine  
  87  12:56  Marine x2  
  90  13:03  Marine  
  93  13:06  Ghost  
  93  13:08  Ghost  
  93  13:11  SCV x2  
  97  13:25  Ghost  
  97  13:26  Marine x2  
  101  13:27  Marine  
  97  13:47  Marine x2, Marauder  
  97  13:48  Marauder  
  103  13:56  Orbital Command  
  103  14:06  Marine x4  
  107  14:19  Marine x3  
Show
View Real Time Build Order
Export as new Build Order

Atais Protoss - Winner!

Build Orders: 1 Gate Expand, Blink Stalkers 

Get SALT Encoding   

  12  0:00  Probe  
  13  0:13  Probe  
  14  0:18  Pylon  
  14  0:25  Probe  
  15  0:39  Gateway  
  15  0:40  Probe  
  15  0:48  Assimilator, Probe  
  17  0:58  Probe  
  18  1:07  Probe  
  19  1:16  Probe  
  20  1:27  Nexus  
  20  1:37  Cybernetics Core  
  20  1:44  Probe, Assimilator  
  20  1:56  Probe, Pylon  
  21  2:04  Adept  
  21  2:08  Probe  
  24  2:19  Warp Gate  
  24  2:20  Probe  
  25  2:25  Twilight Council  
  25  2:34  Stalker  
  27  2:42  Blink  
  26  2:48  Probe  
  27  2:59  Probe, Gateway  
  27  3:00  Probe  
  29  3:13  Probe x2  
  31  3:25  Probe x2  
  33  3:27  Stalker  
  35  3:35  Pylon  
  35  3:37  Probe  
  35  3:40  Probe  
  37  3:49  Probe  
  37  3:52  Probe  
  37  3:53  Gateway  
  39  4:02  Probe  
  40  4:04  Probe  
  40  4:09  Stalker, Robotics Facility  
  43  4:10  Stalker  
  43  4:25  Pylon  
  43  4:33  Stalker  
  43  4:34  Stalker  
  43  4:36  Probe x2  
  49  4:40  Shield Battery  
  49  4:44  Pylon  
  45  4:53  Stalker  
  48  5:04  Probe x2  
  50  5:15  Warp Prism  
  50  5:16  Probe x2  
  50  5:21  Stalker x2  
  54  5:24  Stalker  
  56  5:28  Probe  
  57  5:36  Probe  
  57  5:40  Probe  
  59  5:43  Charge  
  59  5:47  Nexus  
  59  5:51  Pylon  
  59  6:09  Forge  
  59  6:11  Probe  
  59  6:12  Probe, Forge  
  61  6:31  Gateway  
  61  6:34  Gateway  
  61  6:35  Gateway  
  61  6:36  Assimilator  
  61  6:37  Protoss Ground Armor Level 1, Protoss Ground Weapons Level 1  
  61  6:38  Gateway  
  61  6:40  Pylon  
  61  6:48  Probe x2  
  63  7:02  Zealot x3  
  63  7:06  Probe  
  63  7:07  Probe  
  71  7:11  Pylon  
  71  7:15  Probe  
  72  7:18  Gateway  
  72  7:19  Probe  
  72  7:20  Observer, Gateway  
  75  7:30  Probe x2  
  75  7:36  Zealot x7  
  90  7:40  Probe  
  90  7:42  Probe  
  92  7:47  Gateway  
  92  7:55  Templar Archives  
  92  8:00  Zealot x3  
  98  8:14  Probe x3  
  101  8:21  Assimilator  
  101  8:23  Assimilator  
  101  8:24  Gateway  
  101  8:26  Pylon  
  101  8:30  Pylon  
  101  8:32  Sentry x2  
  101  8:33  Sentry x3  
  109  8:38  Pylon  
  109  8:39  Pylon  
  109  8:40  Pylon  
  109  8:41  Stalker  
  107  8:42  Protoss Ground Weapons Level 2  
  107  8:43  Stalker  
  109  8:49  Pylon  
  109  8:56  Stalker  
  109  8:57  Stalker x3  
  109  9:02  Protoss Ground Armor Level 2  
  107  9:11  Zealot  
  107  9:12  Zealot x3  
  111  9:22  Stalker  
  103  9:43  Zealot x4  
  103  9:44  Zealot x6  
  123  9:55  Psionic Storm  
  106  10:17  Zealot x7  
  106  10:18  Zealot x4  
  82  10:39  High Templar x2  
  82  10:40  High Templar x2, Zealot x2  
  82  10:41  Zealot x4  
  82  10:42  High Templar  
  104  10:46  Archon x2  
  104  11:05  Zealot x6  
  96  11:19  Zealot x5  
  100  11:29  Stalker  
  100  11:30  Stalker x5  
  88  11:42  Zealot x4  
  82  12:01  High Templar x4  
  82  12:02  High Templar  
  90  12:13  Zealot x6  
  94  12:22  Nexus  
  94  12:28  Warp Prism  
  96  12:34  High Templar x2  
  96  12:35  Zealot x3  
  106  12:43  Stalker  
  108  12:51  High Templar  
  108  12:52  High Templar  
  108  12:55  Zealot x2  
  108  12:56  Zealot x3  
  122  13:05  High Templar  
  124  13:10  Robotics Bay  
  124  13:12  Zealot x3  
  130  13:17  Pylon  
  128  13:49  Zealot x5  
  128  13:50  Stalker x4  
  146  13:58  Probe  
  146  13:59  Probe x2  
  155  14:23  Archon  
  155  14:24  Archon x2  
  147  14:30  Zealot x2  
  147  14:31  Zealot x8  
Tags
 
Add a new tag
Caveats
  • Supply blocks, unpowered buildings, or Contaminate may cause inaccurate times.
  • Supply counts are checked every 10 seconds.